 Dungeon Crawl Stone Soup version 0.31.0-9-g3a7656b989 (webtiles) character file.

Game seed: 5778003380151287729

116 qw the Shooter (level 4, -1/23 HPs)
             Began as a Spriggan Hunter on Feb 2, 2024.
             Slain by a goblin
             ... wielding a +0 dagger
             ... led by Robin
              (5 damage)
             ... on level 2 of the Dungeon.
             The game lasted 00:00:04 (1300 turns).

qw the Shooter (Spriggan Hunter)                    Turns: 1300, Time: 00:00:05

Health: -1/23      AC:  2    Str:  7    XL:     4   Next: 70%
Magic:  5/5        EV: 20    Int: 10    God:
Gold:   14         SH:  0    Dex: 20    Spells: 3/3 levels left

rFire   . . .        a - +0 shortbow
rCold   . . .        (shield currently unavailable)
rNeg    . . .        c - +0 robe
rPois   +            (helmet restricted)
rElec   .            (no cloak)
rCorr   .            (gloves unavailable)
SInv    +            (boots unavailable)
Will    .....        (no amulet)
Stlth   ++           d - ring of poison resistance
HPRegen 0.23/turn    (no ring)
MPRegen 0.09/turn

%: no passive effects
@: about to teleport, very quick
A: very small, no large weapons, unfitting armour, see invisible, speed 3
a: no special abilities


You were on level 2 of the Dungeon.
You visited 1 branch of the dungeon, and saw 2 of its levels.

You collected 14 gold pieces.


Innate Abilities, Weirdness & Mutations

You are very small and have problems with some larger weapons.
You are too small for most types of armour.
You have supernaturally acute eyesight. (SInv)
You cover ground extremely quickly. (Speed+++)


   Skills:
 + Level 1.9 Fighting
 - Level 5.0 Ranged Weapons
 - Level 5.0 Dodging
 - Level 1.5 Stealth


You had 3 spell levels left.
You didn't know any spells.
Your spell library was empty.

Inventory:

Hand Weapons
 a - a +0 shortbow (weapon)
Armour
 c - a +0 robe (worn)
Jewellery
 d - a ring of poison resistance (left hand)
 j - a +6 ring of intelligence
Scrolls
 f - a scroll of teleportation
 h - a scroll of identify {unknown}
 i - a scroll of revelation {unknown}
Potions
 b - a potion of attraction {unknown}
 e - a potion of lignification {unknown}
 g - a potion of brilliance {unknown}

Dungeon Overview and Level Annotations

Branches:
Dungeon (2/15)

Altars:


Message History

You kill the goblin!
You hear a loud squeak.
A goblin comes into view. It is wielding a +0 dagger.
You shoot an arrow. The arrow barely misses the goblin.
The arrow hits Robin.
You kill Robin!
A rat comes into view.
The rat moves out of view.
You shoot an arrow. The arrow barely misses the goblin.
You shoot an arrow. The arrow closely misses the goblin.
A hobgoblin comes into view.
You shoot an arrow. The arrow hits the goblin!
You kill the goblin!
You shoot an arrow. The arrow closely misses the goblin.
You shoot an arrow. The arrow closely misses the goblin.
The goblin closely misses you.
You shoot an arrow. The arrow hits the goblin.
The goblin is severely wounded.
The goblin hits you with a +0 club. x2
You shoot an arrow. The arrow barely misses the goblin.
The goblin hits you with a +0 club. The goblin barely misses you.
You shoot an arrow. The arrow hits the goblin!
You kill the goblin!
The goblin hits you with a +0 club. The rat barely misses you.
The goblin misses you.
You shoot an arrow. The arrow barely misses the rat.
The goblin hits you with a +0 club. The rat barely misses you.
A goblin comes into view. It is wielding a +0 club.
You shoot an arrow. The goblin shouts!
The arrow hits the rat.
You kill the rat!
The goblin barely misses you.
You shoot an arrow. The arrow closely misses the goblin.
The goblin barely misses you. The goblin hits you with a +0 club.
1300 ||| READING 2 scrolls of teleportation.
As you read the scroll of teleportation, it crumbles to dust.
You feel strangely unstable.
The goblin no longer looks unusually strong.
The goblin misses you. The goblin hits you with a +0 dagger.
You die...

#.##### #.##... #.##.##
#.##. #.##.## ########
#.##.#.
.)#####......#####.##.#.
.)).gggg.......%........
##@####.#####.##.#. #.#
#.# #....#.
#.####.##########.
#.............. #.
#####%######### #.
#........... #.
#......####. #.
#......#..# #.
#......#..# #.


You could see a hobgoblin (strong) and 3 goblins.

Vanquished Creatures
  A hound (D:2)
  Robin (D:2)
  An adder (D:2)
  2 ribbon worms (D:2)
  7 endoplasms (D:1)
  5 giant cockroaches
  8 goblins
  5 hobgoblins
  5 quokkas
  A ball python (D:2)
  4 bats
  3 frilled lizards
  6 kobolds
  5 rats
54 creatures vanquished.

Notes
Turn   | Place    | Note
-------+----------+-------------------------------------------
     0 | D:1      | qw the Spriggan Hunter began the quest for the Orb.
     0 | D:1      | Reached XP level 1. HP: 10/10 MP: 2/2
     0 | D:1      | 0 ||| qw: Version: 0.3-a-155-g5e7d8dd
     0 | D:1      | 0 ||| qw: Game counter: 1416
     0 | D:1      | 0 ||| qw: Melee chars always use a shield: true
     0 | D:1      | 0 ||| qw: God list: Okawaru
     0 | D:1      | 0 ||| qw: Allow faded altars: false
     0 | D:1      | 0 ||| qw: Do Orc after clearing Dungeon:15 true
     0 | D:1      | 0 ||| qw: Do second Lair branch before Depths: true
     0 | D:1      | 0 ||| qw: Lair rune preference: random
     0 | D:1      | 0 ||| qw: Goals: Normal
     0 | D:1      | 0 ||| PLANNING D:1-11
    41 | D:1      | Reached skill level 3 in Dodging
   110 | D:1      | Reached XP level 2. HP: 11/14 MP: 3/3
   461 | D:1      | Reached XP level 3. HP: 18/18 MP: 4/4
   990 | D:1      | 990 ||| UPGRADING to ring of poison resistance.
   991 | D:1      | 991 ||| READING scroll labelled BABUOLIKAU.
   992 | D:1      | 992 ||| READING 3 scrolls labelled LUEHOW RASCHAOG.
   997 | D:1      | 997 ||| DROPPING scroll of butterflies.
  1224 | D:2      | Reached XP level 4. HP: 22/22 MP: 5/5
  1284 | D:2      | Noticed Robin
  1288 | D:2      | Killed Robin
  1299 | D:2      | HP: 4/23 [goblin/+0 club[Robin] (5)]
  1300 | D:2      | 1300 ||| READING 2 scrolls of teleportation.
  1300 | D:2      | Slain by a goblin

Levels and vault maps discovered:
D:1:      lightli_arrival_farm, layout_basic, nrook_loot_triangle
D:2:      layout_basic, amethyst_killhole, uniq_robin

Skill      XL: |  1  2  3  4 |
---------------+-------------+-----
Dodging        | 3 4 5 |  5.0
Ranged Weapons | 5 |  5.0
Fighting       | |  1.9
Stealth        | |  1.5

Action                     |  1- 3 |  4- 6 || total
---------------------------+-------+-------++-------
   Fire: Shortbow          |   128 |    31 ||   159
    Use: Scroll            |     2 |     1 ||     3
 Armour: Robe              |    14 |     7 ||    21
  Dodge: Dodged            |    36 |    17 ||    53

Table legend:
 A = Non-vault XP
 B = Vault XP
 C = Vault XP percentage of total XP
 D = Non-vault monster count
 E = Vault monster count
 F = Vault count percentage of total count
                 A         B        C        D         E       F
            +---------+---------+-------+---------+---------+-------
      Total |     142 |      25 |  15.0 |      48 |       6 |  11.1
            +---------+---------+-------+---------+---------+-------
        D:1 |      51 |       0 |   0.0 |      29 |       0 |   0.0
        D:2 |      91 |      25 |  21.6 |      19 |       6 |  24.0
            +---------+---------+-------+---------+---------+-------
